 Dungeon Crawl Stone Soup version 0.29.1-1-gd02db6906a (webtiles) character file.

Game seed: 15593154734414240640

428 Godmorgon the Trooper (level 6, 0/79 HPs)
             Began as a Gnoll Wanderer on Sept 22, 2022.
             Slain by an ogre
             ... wielding a +0 giant club
              (11 damage)
             ... on level 4 of the Dungeon.
             The game lasted 00:23:35 (3008 turns).

Godmorgon the Trooper (Gnoll Wanderer)              Turns: 3008, Time: 00:23:36

Health: 0/79       AC: 27    Str:  9    XL:     6   Next: 98%
Magic:  9/9        EV:  2    Int:  8    God:
Gold:   219        SH:  5    Dex: 19    Spells: 9/9 levels left

rFire   . . .      SeeInvis .   i - +0 long sword
rCold   . . .      Faith    .   e - +0 buckler
rNeg    . . .      Spirit   .   (body armour currently unavailable)
rPois   +          Reflect  .   (helmet currently unavailable)
rElec   .          Harm     .   (cloak currently unavailable)
rCorr   .          Rampage  .   (gloves currently unavailable)
Will    .....      NoTele   +   (boots currently unavailable)
Stlth   ++++......              (no amulet)
HPRegen 0.23/turn               j - ring of poison resistance
MPRegen 0.11/turn               k - +4 ring of protection

@: tree-form
A: stationary, stasis, torment immunity, boosted hp, (fangs 1), strong nose,
distributed training
a: no special abilities


You were on level 4 of the Dungeon.
You were a tree.
You visited 1 branch of the dungeon, and saw 4 of its levels.

You collected 249 gold pieces.
You spent 30 gold pieces at shops.

Inventory:

Hand Weapons
 a - a +0 dagger
 b - a +0 falchion
 i - a +0 long sword (weapon)
Missiles
 c - 2 datura-tipped darts
 d - an atropa-tipped dart (quivered)
 o - 26 stones
 A - a throwing net
Armour
 e - a +0 buckler (worn)
 g - a +0 helmet
 l - a +1 pair of gloves (melded)
 m - the +1 robe of Dithmenos's Supremacy {*Corrode rPois Dex+3 Archmagi}
   (You took it off an orc wizard on level 3 of the Dungeon)

   Dex:       It affects your dexterity (+3).
   rPois:     It protects you from poison.
   *Corrode:  It may corrode you when you take damage.
   Archmagi:  It increases the power of your magical spells.
 q - a +0 chain mail
 y - a +0 ring mail (melded)
 z - a +0 pair of boots (melded)
Magical Staves
 p - a staff of poison
Jewellery
 j - a ring of poison resistance (left branch)
 k - a +4 ring of protection (right branch)
Scrolls
 n - a scroll of magic mapping
 t - a scroll of enchant weapon
 v - a scroll of poison {unknown}
 w - 2 scrolls of fog {unknown}
 x - a scroll of brand weapon {unknown}
Potions
 f - a potion of lignification
 h - a potion of mutation
 r - a potion of heal wounds {unknown}
 s - a potion of might
 u - a potion of attraction {unknown}
 B - a potion of brilliance {unknown}


   Skills:
 + Level 6.9 Fighting
 + Level 2.2 Short Blades
 + Level 3.4 Long Blades
 + Level 2.2 Axes
 + Level 2.2 Maces & Flails
 + Level 2.2 Polearms
 + Level 2.2 Staves
 + Level 2.2 Ranged Weapons
 + Level 2.2 Throwing
 + Level 5.1 Armour
 + Level 2.2 Dodging
 + Level 6.4 Stealth
 + Level 3.4 Shields
 + Level 2.2 Unarmed Combat
 + Level 2.2 Spellcasting
 + Level 1.8 Conjurations
 + Level 1.8 Hexes
 + Level 1.8 Summonings
 + Level 1.8 Necromancy
 + Level 1.8 Translocations
 + Level 1.8 Transmutations
 + Level 1.8 Fire Magic
 + Level 1.8 Ice Magic
 + Level 1.8 Air Magic
 + Level 1.8 Earth Magic
 + Level 1.8 Poison Magic
 + Level 2.5 Invocations
 + Level 2.2 Evocations


You had 9 spell levels left.
You didn't know any spells.
Your spell library contained the following spells:

 Spells                   Type           Power      Damage    Failure   Level
 Sting                    Tmut/Pois      12%        1d3       22%         1
 Poisonous Vapours        Pois/Air       6%         N/A       32%         2
 Static Discharge         Conj/Air       3%         3-4/arc   32%         2
 Call Canine Familiar     Summ           3%         N/A       54%         3
 Portal Projectile        Hex/Tloc       6%         N/A       54%         3
 Summon Guardian Golem    Hex/Summ       3%         N/A       54%         3
 Corpse Rot               Necr/Pois/Air  3%         N/A       91%         4
 Leda's Liquefaction      Hex/Erth       1%         N/A       91%         4
 Olgreb's Toxic Radiance  Pois           3%         N/A       91%         4
 Summon Cactus Giant      Summ           1%         N/A       100%        6
 Summon Horrible Things   Summ           1%         N/A       100%        8


Dungeon Overview and Level Annotations

Branches:
Dungeon (4/15)
 Temple: D:4-7

Altars:
Lugonu

Shops:
D:3 (   D:4 *

Annotations:
D:3 2 runed translucent doors


Innate Abilities, Weirdness & Mutations

You are a tree.
Your roots penetrate the ground, keeping you stationary.
You cannot be teleported.
You are immune to unholy pain and torment.
Your maximum health is greatly increased.
Your equipment is partially melded.
((You have very sharp teeth.))
Your uncanny sense of smell can sniff out nearby items.
Your experience applies equally to all skills.


Message History

Unknown command.
Okay, then.
You aren't carrying any items that you can evoke.
Unknown command.
Unknown command.
Okay, then.
Unknown command.
You block the ogre's attack.
You hit the ogre.
The ogre is lightly wounded.
The ogre hits you but does no damage.
You hit the ogre but do no damage.
The ogre is lightly wounded.
The ogre misses you.
You barely miss the ogre.
The ogre is lightly wounded.
The ogre hits you with a +0 giant club!
You hit the ogre.
The ogre is lightly wounded.
You block the ogre's attack.
You slash the ogre!
The ogre is moderately wounded.
You hit the ogre.
The ogre is heavily wounded.
The ogre hits you with a +0 giant club!!
Ouch! That really hurt!
* * * LOW HITPOINT WARNING * * *
Really quaff the potion of lignification?
You turn into a tree.
Your +1 pair of gloves melds into your body.
Your +0 pair of boots melds into your body.
Your +0 ring mail melds into your body.
Your roots penetrate the ground.
You block the ogre's attack.
You hit the ogre.
The ogre is severely wounded.
The ogre barely misses you.
You slash the ogre!
The ogre is almost dead.
The ogre hits you with a +0 giant club!
You die...

,,,,,,,,,,,,,,,,******,* *,,*
**,***,***#..**......,,* *,** #
**,***,**##..,,#....,*** *,* #
,,,,,,,,,.....,#...#,,,***,* #
*,**,***,##...,#...#.....#,* #
,,,,,,,,,......#)..#...#..,* #
*,*,**,*,*#....#...#...#>#** #
*,,,,,,,,*#.....O..#...#.# #
,,,,,*,*,,,,***#♣#*#..$#.#### #
*,,,,,,*,**,#,,#.# #........# ##
,,,,.#.,,**,#..#.######.....####.
**,*.#.*,**,#....................
,,,,..,*,......#.####.#.....####.
#,##.#,*,##.##.#.####.####....##.
.,...,,,,*#.##,#<...#.####....##.
#*#.#*,#,*#.#*,#....#............
###.##.#.##.#*,#....#####..÷....#


You could see an ogre.

Vanquished Creatures
  An orc priest (D:3)
  A gnoll bouda (D:4)
  Natasha (thrice) (D:2)
  3 orc wizards (D:3)
  Robin (D:4)
  8 gnolls
  3 adders (D:2)
  2 adder skeletons (D:2)
  A worm (D:2)
  6 dart slugs
  7 orcs (D:3)
  6 bats
  9 endoplasms
  3 giant cockroaches
  9 goblins
  11 hobgoblins
  2 quokkas
  5 ball pythons
  3 frilled lizards
  6 kobolds
  A quokka zombie (D:2)
  2 rats (D:2)
93 creatures vanquished.

Vanquished Creatures (others)
  A plant (D:3)
  5 toadstools (D:2)
  A withered plant (D:2)
7 creatures vanquished.

Grand Total: 100 creatures vanquished

Notes
Turn   | Place    | Note
-------+----------+-------------------------------------------
     0 | D:1      | Godmorgon the Gnoll Wanderer began the quest for the Orb.
     0 | D:1      | Godmorgon set off with the following items: a +0 dagger, 2
                  | atropa-tipped darts, 2 datura-tipped darts, a +0 falchion,
                  | a +0 buckler, a potion of lignification, a +0 leather
                  | armour.
     0 | D:1      | Reached XP level 1. HP: 23/23 MP: 1/1
   100 | D:1      | Reached XP level 2. HP: 23/29 MP: 2/2
   612 | D:1      | Reached XP level 3. HP: 35/35 MP: 3/3
   643 | D:1      | Found a faded altar of an unknown god.
   826 | D:2      | Reached skill level 1 in Invocations
   927 | D:2      | Noticed Natasha
   940 | D:2      | Killed Natasha
   941 | D:2      | Reached skill level 1 in Short Blades
   941 | D:2      | Reached skill level 1 in Axes
   941 | D:2      | Reached skill level 1 in Maces & Flails
   941 | D:2      | Reached skill level 1 in Polearms
   941 | D:2      | Reached skill level 1 in Staves
   941 | D:2      | Reached skill level 1 in Ranged Weapons
   941 | D:2      | Reached skill level 1 in Throwing
   941 | D:2      | Reached skill level 1 in Dodging
   941 | D:2      | Reached skill level 1 in Unarmed Combat
   941 | D:2      | Reached skill level 1 in Spellcasting
   941 | D:2      | Reached skill level 1 in Evocations
   941 | D:2      | Reached XP level 4. HP: 7/41 MP: 5/5
  1420 | D:2      | Noticed Natasha
  1422 | D:2      | Reached skill level 1 in Conjurations
  1422 | D:2      | Reached skill level 1 in Hexes
  1422 | D:2      | Reached skill level 1 in Summonings
  1422 | D:2      | Reached skill level 1 in Necromancy
  1422 | D:2      | Reached skill level 1 in Translocations
  1422 | D:2      | Reached skill level 1 in Transmutations
  1422 | D:2      | Reached skill level 1 in Fire Magic
  1422 | D:2      | Reached skill level 1 in Ice Magic
  1422 | D:2      | Reached skill level 1 in Air Magic
  1422 | D:2      | Reached skill level 1 in Earth Magic
  1422 | D:2      | Reached skill level 1 in Poison Magic
  1446 | D:2      | Killed Natasha
  1541 | D:2      | Noticed Natasha
  1552 | D:2      | Reached XP level 5. HP: 47/47 MP: 7/7
  1562 | D:2      | Killed Natasha
  2137 | D:3      | Found a large runed translucent door.
  2138 | D:3      | Found a large runed translucent door.
  2140 | D:3      | Found a corrupted altar of Lugonu.
  2213 | D:3      | Reached XP level 6. HP: 45/53 MP: 8/8
  2272 | D:3      | Identified the +1 robe of Dithmenos's Supremacy {*Corrode
                  | rPois Dex+3 Archmagi}
  2284 | D:3      | Reached skill level 5 in Armour
  2336 | D:3      | Got the Essays on the Voltaic Throng
  2465 | D:3      | Found Upting's Weapon Emporium.
  2476 | D:3      | Bought a throwing net for 30 gold pieces
  2634 | D:3      | You fall into a shaft and drop 1 floor!
  2677 | D:4      | Noticed Robin
  2722 | D:4      | Killed Robin
  2778 | D:4      | Found Laseufuw's Assorted Antiques.
  3008 | D:4      | Slain by an ogre

Illustrated notes

Levels and vault maps discovered:
D:1:      minmay_arrival_stone_box, layout_loops_ring,
          chequers_ecumenical_altar_twisty, minmay_tiny_reverse_x
D:2:      layout_rooms, serial_undead, serial_undead_c, serial_undead_f,
          serial_undead_e, serial_undead_f, minmay_gold_behind_fungi,
          chequers_serial_rivers_room_b, hangedman_abyss_or_decor_lesser_grid,
          uniq_natasha
D:3:      due_chaos_kobolds, layout_loops_ring, serial_shops,
          nicolae_shop_advertising_works [nicolae_subvault_shop_adworks],
          chequers_mini_garden, serial_bayou_crossing
D:4:      layout_basic, serial_shops, shop, enter_ossuary_4,
          minmay_diced_spiral, uniq_grinder, uniq_robin

Skill      XL: |  1  2  3  4  5  6 |
---------------+-------------------+-----
Stealth        | 6 |  6.4
Invocations    | 1 2 |  2.5
Short Blades   | 1 2 |  2.2
Axes           | 1 2 |  2.2
Maces & Flails | 1 2 |  2.2
Polearms       | 1 2 |  2.2
Staves         | 1 2 |  2.2
Ranged Weapons | 1 2 |  2.2
Throwing       | 1 2 |  2.2
Dodging        | 1 2 |  2.2
Unarmed Combat | 1 2 |  2.2
Spellcasting   | 1 2 |  2.2
Evocations     | 1 2 |  2.2
Conjurations   | 1 |  1.8
Hexes          | 1 |  1.8
Summonings     | 1 |  1.8
Necromancy     | 1 |  1.8
Translocations | 1 |  1.8
Transmutations | 1 |  1.8
Fire Magic     | 1 |  1.8
Ice Magic      | 1 |  1.8
Air Magic      | 1 |  1.8
Earth Magic    | 1 |  1.8
Poison Magic   | 1 |  1.8
Long Blades    | 3 |  3.4
Shields        | 3 |  3.4
Armour         | 5 |  5.1
Fighting       | |  6.9

Action                   |  1- 3 |  4- 6 || total
-------------------------+-------+-------++-------
Melee: Dagger            |    18 |       ||    18
       Falchion          |    66 |    22 ||    88
       Bite              |     7 |    15 ||    22
       Long sword        |       |   175 ||   175
Throw: Dart              |     2 |     2 ||     4
  Use: Scroll            |       |     7 ||     7
       Potion            |       |     4 ||     4
 Stab: Sleeping          |    11 |    11 ||    22
       Invisible         |       |     3 ||     3
Armor: Leather armour    |    18 |    26 ||    44
       Ring mail         |       |    62 ||    62
Dodge: Dodged            |    45 |    73 ||   118
Block: Buckler           |    14 |    49 ||    63
